 Dungeon Crawl Stone Soup version 0.22-a0-284-g99d1f74 (webtiles) character file.

2489 Serpenta the Covert (level 9, -3/56 HPs)
             Began as an Octopode Chaos Knight on Mar 20, 2018.
             Slain by an orc warrior
             ... wielding a +0 halberd
              (28 damage)
             ... on level 7 of the Dungeon.
             The game lasted 00:16:13 (8098 turns).

Serpenta the Covert (Octopode Chaos Knight)         Turns: 8098, Time: 00:16:14

Health: -3/56      AC:  1    Str: 11    XL:     9   Next: 52%
Magic:  24/24      EV: 14    Int: 14    God:    Xom [....*.]
Gold:   353        SH:  0    Dex: 15    Spells: 8/8 levels left

rFire    . . .     SeeInvis .   a - +3 dagger (venom)
rCold    + . .     Gourm    .   (no shield)
rNeg     . . .     Faith    .   (helmet restricted)
rPois    +         Spirit   .   (no amulet)
rElec    .         Reflect  .   o - ring of magical power
rCorr    .         Harm     .   (no ring)
MR       .....                  A - ring of poison resistance
Stlth    +++++.....             (no ring)
HPRegen  0.18/turn              (no ring)
MPRegen  0.19/turn              (no ring)
                                (no ring)
                                (no ring)

@: very slightly contaminated, invisible
A: almost no armour, stealthy swim, amphibious, 8 rings, constrict 8, camouflage
1, cold resistance 1, poison resistance, gelatinous body 1, evolution 1
a: Renounce Religion


You were on level 7 of the Dungeon.
You worshipped Xom.
You were a beloved toy of Xom.
You were not hungry.

You visited 1 branch of the dungeon, and saw 7 of its levels.

You collected 353 gold pieces.


Innate Abilities, Weirdness & Mutations

You cannot wear most types of armour.
You are very stealthy in the water. (Stealth+)
You are amphibious.
You can wear up to eight rings at the same time.
You can use your tentacles to constrict eight enemies at once.
Your skin changes colour to match your surroundings (Stealth+).
Your rubbery body absorbs attacks. (AC +1, EV +1)
Your flesh is cold resistant. (rC+)
Your system is resistant to poisons. (rPois)
You evolve.


   Skills:
 - Level 3.0 Fighting
 - Level 7.8 Short Blades
 - Level 2.3 Dodging
 - Level 10.0 Stealth
 + Level 8.1 Evocations


You had 8 spell levels left.
You didn't know any spells.

Action                   |  1- 3 |  4- 6 |  7- 9 || total
-------------------------+-------+-------+-------++-------
Melee: Short sword       |     9 |       |       ||     9
       Constrict         |    15 |    30 |    36 ||    81
       Tentacles         |     5 |    21 |    38 ||    64
       Dagger            |    35 |   120 |   191 ||   346
       War axe           |       |       |     7 ||     7
 Fire: Blowgun           |       |     3 |     5 ||     8
Evoke: Wand              |       |       |     2 ||     2
  Use: Scroll            |     3 |     4 |     4 ||    11
       Potion            |       |       |     3 ||     3
 Stab: Sleeping          |     4 |     8 |    19 ||    31
       Invisible         |       |       |     5 ||     5
       Paralysed         |       |       |     2 ||     2
  Eat: Chunk             |     1 |     5 |     8 ||    14
       Ration            |       |     1 |     2 ||     3
Armor: Skin              |     3 |     5 |     3 ||    11
Dodge: Dodged            |    20 |    44 |    93 ||   157

Inventory:

Hand Weapons
 a - a +3 dagger of venom (weapon)
 f - a +1 antimagic dagger
 i - the +1 long sword of Calculation {slice, rPois Stlth+}
   (You found it on level 4 of the Dungeon)

   It inflicts extra damage upon your enemies.
   It protects you from poison.
   It makes you more stealthy.
 p - a +0 blowgun
 D - the +9 war axe "Poempuoff" {drain, rElec rN+ Dex-2}
   (You found it on level 7 of the Dungeon)

   A truly terrible weapon, it drains the life of those it strikes.
   It affects your dexterity (-2).
   It insulates you from electricity.
   It protects you from negative energy.
Missiles
 t - 15 poisoned needles
Jewellery
 o - a ring of magical power (left tentacle)
 A - a ring of poison resistance (on tentacle)
Wands
 w - a wand of paralysis (16)
 y - a wand of flame (25)
 C - a wand of acid (7) {god gift}
Scrolls
 d - 2 scrolls of blinking
 g - 3 scrolls of magic mapping
 h - a scroll of fear {unknown}
 j - a scroll of immolation {unknown}
 k - 2 scrolls of amnesia
 l - 3 scrolls of remove curse
 m - 4 scrolls of enchant weapon
 n - 3 scrolls of teleportation
 r - a scroll of enchant armour {unknown}
 x - a scroll of fog {unknown}
Potions
 e - a potion of brilliance
 q - a potion of mutation
 s - a potion of lignification {unknown}
 v - a potion of curing
 z - a potion of heal wounds {unknown}
 B - 2 potions of ambrosia
Comestibles
 b - 9 rations ...# #....##.# #.# ##_.# ########....##.# ##.## #..# .....(......'..# #.©.# ##_## #######.....#### ##### #._# # #....## #### ## #..## #....# ##... ..# #...# #### ###### #..5#####..$ #.#.# ...## #.!..#o#o... #.#.# ....# #@ooooo(#

#.#.# .).)#
##b8o8.## #.#.#
....# # #.bob$..#
#._.## ..(.#
#.##)8:8.## #....#
..(.# #.#)./)$..#
#_...# ...(######
#....#=#....##....#
###......#
#...#####...##..>.#
###.######
##....©....# #....#
#.#....#
########### ###'##


You could see 2 orc warriors, an orc priest, an orc wizard, 5 orcs and a
friendly crimson imp.

Vanquished Creatures
  Joseph (D:7)
  A water moccasin (D:7)
  A black bear (D:7)
  An orc warrior (D:7)
  A sky beast (D:6)
  A phantom (D:4)
  A centaur (D:6)
  A big kobold (D:7)
  3 bullfrogs (D:6)
  3 killer bees (D:7)
  2 scorpions (D:5)
  2 crimson imps
  2 hounds
  A jelly (D:7)
  A centaur skeleton (D:5)
  4 orc priests
  5 orc wizards
  12 worker ants
  Natasha (thrice) (D:2)
  A hound zombie (D:5)
  A howler monkey skeleton (D:5)
  7 adders
  2 shadow imps (D:5)
  4 worms (D:2)
  3 dart slugs
  A leopard gecko (D:6)
  16 orcs
  3 bats
  7 giant cockroaches
  11 goblins
  9 hobgoblins
  9 jackals
  11 kobolds
  3 quokkas
  7 frilled lizards
  A leopard gecko skeleton (D:6)
  10 rats
152 creatures vanquished.

Vanquished Creatures (collateral kills)
  An ogre (D:4)
  A scorpion (D:4)
  Ijyb (D:4)
  An ooze (D:4)
  An orc (D:4)
5 creatures vanquished.

Grand Total: 157 creatures vanquished

Vault maps used:
D:1:      dpeg_cavernosity
D:2:      uniq_natasha
D:3:      first_ration
D:4:      uniq_ijyb
D:5:      cheibrodos_ashenzari_chains, uniq_duvessa, uniq_grinder
D:6:      lemuel_round_altar, minmay_temple_entry_enclosed_plants
D:7:      gammafunk_beogh_shrine, uniq_joseph


Message History

The orc wizard barely misses you.
The orc wizard gestures at you while chanting.
The orc priest seems to slow down.
Xom is highly amused!
The orc priest shouts!
You barely miss the orc. You grab the orc.
You kill the orc!
You constrict the orc wizard. The orc priest hits you with a mace.
You swap places.
You release your grip on the orc wizard.
You kill the orc wizard!
The orc warrior closely misses your butterfly.
Things that are here:
an enchanted hand axe; a whip You hit the orc but do no damage.
You grab the orc. You constrict the orc.
Xom opens a gate.
The orc misses you.
The orc warrior hits you from afar with a halberd!!
Ouch! That really hurt!
You die...

Notes
Turn   | Place    | Note
-------+----------+-------------------------------------------
     0 | D:1      | Serpenta the Octopode Chaos Knight began the quest for the Orb.
     0 | D:1      | Reached XP level 1. HP: 16/16 MP: 1/1
    90 | D:1      | Reached skill level 1 in Stealth
   142 | D:1      | Reached XP level 2. HP: 21/21 MP: 2/2
   297 | D:1      | Reached skill level 2 in Stealth
   323 | D:1      | XOM: silly message
   463 | D:1      | Reached XP level 3. HP: 22/26 MP: 3/3
   708 | D:1      | XOM: 3-stop teleportation journey
   870 | D:2      | XOM: noise
   908 | D:2      | Noticed Natasha
  1081 | D:2      | XOM: cast spell 'Disjunction'
  1106 | D:2      | Killed Natasha
  1106 | D:2      | Reached skill level 3 in Stealth
  1106 | D:2      | Reached XP level 4. HP: 30/31 MP: 4/4
  1126 | D:2      | XOM: butterfly on damage
  1146 | D:2      | Reached skill level 4 in Stealth
  1236 | D:2      | XOM: noise
  1247 | D:2      | Noticed Natasha
  1253 | D:2      | Killed Natasha
  1253 | D:2      | Reached XP level 5. HP: 23/36 MP: 5/5
  1387 | D:2      | XOM: divination: detect creatures
  1559 | D:2      | XOM: 3-stop teleportation journey
  1565 | D:2      | Noticed Natasha
  1610 | D:2      | Killed Natasha
  1990 | D:3      | Reached skill level 5 in Stealth
  2127 | D:3      | XOM: confuse monster(s)
  2193 | D:2      | HP: 1/36 [poisoned by a kobold]
  2469 | D:2      | XOM: give mutations
  2469 | D:2      | Gained mutation: Your flesh is cold resistant. (rC+) [Xom's grace]
  2469 | D:2      | Gained mutation: You evolve. [Xom's grace]
  2571 | D:3      | XOM: polymorph orc wizard -> adder
  2580 | D:3      | Gained mutation: Your magical capacity is low. (-10% MP) [evolution]
  2882 | D:3      | XOM is BORED!
  3077 | D:4      | Reached skill level 5 in Short Blades
  3077 | D:4      | Reached XP level 6. HP: 39/42 MP: 5/5
  3384 | D:4      | Got a scorched long sword
  3385 | D:4      | Identified the cursed +1 long sword of Calculation {slice, rPois Stlth+} (You found it on level 4 of the Dungeon)
  3393 | D:4      | XOM: give mutation
  3393 | D:4      | Gained mutation: Your system is resistant to poisons. (rPois) [Xom's grace]
  3404 | D:4      | Reached skill level 6 in Stealth
  3583 | D:4      | Noticed Ijyb
  3588 | D:4      | Killed Ijyb
  3619 | D:4      | XOM: 3-stop teleportation journey
  3626 | D:4      | Reached XP level 7. HP: 39/46 MP: 6/6
  3728 | D:4      | XOM: divination: detect creatures
  3731 | D:4      | XOM: cast spell 'Discord'
  3907 | D:4      | XOM: cast spell 'Ring of Flames'
  3921 | D:4      | Reached skill level 7 in Stealth
  4262 | D:4      | Lost mutation: Your magical capacity is low. (-10% MP) [evolution]
  4368 | D:5      | Entered Level 5 of the Dungeon
  4497 | D:5      | XOM: medium Necr miscast
  4498 | D:5      | Noticed a shadow
  4498 | D:5      | Noticed a shadow
  4832 | D:5      | Reached skill level 8 in Stealth
  5050 | D:5      | XOM: medium Air miscast
  5263 | D:5      | Noticed Duvessa
  5272 | D:5      | XOM: scenery: 1 doors open, 2 doors close
  5362 | D:5      | Reached XP level 8. HP: 48/52 MP: 8/8
  5423 | D:5      | Found a shattered altar of Ashenzari.
  5484 | D:5      | Reached skill level 9 in Stealth
  5695 | D:5      | XOM: god gift: thick smoking staff {god gift}
  5827 | D:5      | Noticed Dowan
  5911 | D:5      | Noticed Grinder
  6111 | D:6      | XOM: fog
  6122 | D:6      | Reached skill level 10 in Stealth
  6385 | D:6      | Found a radiant altar of Vehumet.
  6470 | D:6      | Reached skill level 1 in Evocations
  6816 | D:6      | Found a staircase to the Ecumenical Temple.
  6898 | D:7      | XOM: god gift: wand of acid (7) {god gift}
  7090 | D:7      | Found a transporter.
  7142 | D:7      | XOM: cloud trail
  7275 | D:7      | XOM: cleaving
  7286 | D:7      | Reached skill level 5 in Evocations
  7286 | D:7      | Reached XP level 9. HP: 53/56 MP: 12/12
  7378 | D:7      | XOM: scenery: create altars
  7399 | D:7      | Noticed Joseph
  7477 | D:7      | XOM is BORED!
  7477 | D:7      | XOM: stat loss: -3 Dex (12/15)
  7521 | D:7      | Killed Joseph
  7523 | D:7      | XOM: polymorph killer bee -> jelly
  7567 | D:7      | Got a crude war axe
  7671 | D:7      | Identified the +9 war axe "Poempuoff" {drain, rElec rN+ Dex-2} (You found it on level 7 of the Dungeon)
  7757 | D:7      | XOM: god gift: 33 gold pieces {god gift}
  8079 | D:7      | Found a roughly hewn altar of Beogh.
  8095 | D:7      | XOM: butterfly on damage
  8098 | D:7      | XOM: summons friendly crimson imp
  8098 | D:7      | Slain by an orc warrior
